 Dungeon Sprint DCSS version 0.17-a0-1636-g3119f2b (webtiles) character file.

19426 Kidiri the Tortoise (level 12, -2/115 HPs)
             Began as a Minotaur Fighter on Aug 6, 2015.
             Was the Champion of Okawaru.
             Slain by a freezing wraith (21 damage)
             ... summoned by a death knight
             ... in the Dungeon (Sprint VII: "The Pits").
             The game lasted 00:14:29 (2989 turns).

Kidiri the Tortoise (Minotaur Fighter)              Turns: 2989, Time: 00:14:29

Health: -2/115     AC: 26    Str: 25    XL:     12   Next: 36%
Magic:  16/18      EV: 18    Int:  8    God:    Okawaru [******]
Gold:   71         SH: 18    Dex: 11    Spells: 0 memorised, 11 levels left

rFire  . . .     SeeInvis .     y - +6 war axe (chop)
rCold  . . .     Clarity  .     w - +3 plate armour
rNeg   . . .     SustAt   .     c - +1 shield
rPois  .         Gourm    .     (helmet restricted)
rElec  .         Spirit   .     (no cloak)
rCorr  .         Warding  .     (no gloves)
rMut   .         NoTele   +     x - +1 pair of boots
MR     .....                    E - amulet of regeneration
Stlth  ..........               u - +3 ring of intelligence
                                s - +3 ring of evasion

@: vulnerable, heroism, finesse, not resistant to hostile enchantments,
extremely unstealthy
A: retaliatory headbutt, horns 2
a: Heroism, Finesse, Renounce Religion


You were in the Dungeon.
You worshipped Okawaru.
Okawaru was exalted by your worship.
You were hungry.

You visited 1 branch You collected 71 gold pieces.

Inventory:

Hand weapons
 y - a +6 war axe of chopping (weapon)
Armour
 a - the +1 chain mail of Okawaru's Pride {rElec rPois Dex-4}
   (Okawaru gifted it to you in the Dungeon)

   It affects your dexterity (-4).
   It insulates you from electricity.
   It protects you from poison.
 b - a +0 buckler of protection
 c - a +1 shield (worn)
 w - a +3 plate armour (worn)
 x - a +1 pair of boots (worn)
Jewellery
 s - a +3 ring of evasion (left hand)
 u - a +3 ring of intelligence (right hand)
 D - an uncursed ring of ice
 E - an amulet of regeneration (around neck)
 F - an uncursed ring of fire
 G - an uncursed amulet of clarity
Scrolls
 k - 2 scrolls of blinking
 l - 2 scrolls of fear
 p - 3 scrolls of remove curse
 q - 5 scrolls of amnesia
 r - a scroll of summoning
 z - 2 scrolls of identify
 C - 3 scrolls of fog
Potions
 d - 5 potions of might
 f - a potion of curing
 g - 9 potions of heal wounds
 h - 2 potions of haste
 i - 4 potions of magic
 j - 4 potions of berserk rage
 o - 2 potions of invisibility
 t - a potion of brilliance
 v - a potion of cure mutation
Comestibles
 e - 9 bread rations
 m - 39 fruits
 n - 7 meat rations


   Skills:
 + Level 13.4(18.4) Fighting
 * Level 17.5(22.5) Axes
 * Level 17.7(22.7) Armour
 + Level 12.0(17.0) Dodging
 * Level 17.7(22.7) Shields
 - Level 10.1 Invocations


You had 11 spell levels left.
You didn't know any spells.

Dungeon Overview and Level Annotations

Branches:
Dungeon (1/1)

Altars:
Ashenzari
Cheibriados
Dithmenos
Elyvilon
Fedhas
Gozag
Kikubaaqudgha
Makhleb
Nemelex Xobeh
Okawaru
Qazlal
Ru
Sif Muna
Trog
Vehumet
Xom
Yredelemnul
Zin
The Shining One
Beogh
Jiyva
Lugonu

Annotations:
D Aizul, Prince Ribbit


Innate Abilities, Weirdness & Mutations

You reflexively headbutt those who attack you in melee.
You have a pair of horns on your head.


Message History

Drink which item? (? for menu, Esc to quit)
You feel much better. Aizul casts a spell at you.
You fall asleep.
The phantasmal warrior barely misses you.
The phantasmal warrior closely misses you.
The phantasmal warrior hits you.
You wake up.
The freezing wraith hits you. The freezing wraith freezes you!
The freezing wraith barely misses you.
Use which ability? (? or * to list)
You gain the combat prowess of a mighty hero.
You are feeling hungry.
You block Aizul's attack. x2
The phantasmal warrior hits you but does no damage.
You block the phantasmal warrior's attack.
The phantasmal warrior hits you!!
* * * LOW HITPOINT WARNING * * *
The freezing wraith hits you.
* * * LOW HITPOINT WARNING * * *
The freezing wraith freezes you!!
You die...

######################
#....WWW.............+
#....W@†.............+
#..###S############..# #..# 5#D
#..# #..#.# #3 #..# #..## #D
#..# #..# #p #..# #..# #Z #..#
#..################..#
###########....................#


You could see Aizul, a death knight, a five-headed hydra, 3 phantasmal warriors,
a freezing wraith, a ynoxinul, a mottled dragon, a jackal simulacrum and an
ufetubus.

Vanquished Creatures
  A sphinx (D)
  A daeva (D)
  Maud (D)
  An emperor scorpion (D)
  A green death (D)
  2 merfolk aquamancers (D)
  A death yak (D)
  An unseen horror (D)
  A shadow wraith (D)
  Pikel (D)
  An orc knight (D)
  A hornet (D)
  A manticore (D)
  A cyclops (D)
  An orange demon (D)
  Joseph (D)
  A black mamba (D)
  3 smoke demons (D)
  A kobold demonologist (D)
  A molten gargoyle (D)
  A large abomination (D)
  A blue devil (D)
  A merfolk (D)
  A red devil (D)
  A polar bear (D)
  A snapping turtle (D)
  A troll (D)
  4 blink frogs (D)
  A wyvern (D)
  3 water elementals (D)
  A hungry ghost (D)
  4 vampire mosquitoes (D)
  A neqoxec (D)
  A wolf (D)
  2 hippogriffs (D)
  7 yaks (D)
  A water moccasin (D)
  A wasp (D)
  An ogre (D)
  An orc warrior (D)
  A slave (D)
  A phantom (D)
  An eye of draining (D)
  A big kobold (D)
  An earth elemental (D)
  A scorpion (D)
  7 killer bees (D)
  An iron imp (D)
  A jelly (D)
  2 orc priests (D)
  An orc wizard (D)
  A worker ant (D)
  A white imp (D)
  A giant eyeball (D)
  An ooze (D)
  An adder skeleton (D)
  3 giant geckos (D)
  3 orcs (D)
  2 bat skeletons (D)
  2 giant cockroaches (D)
  5 jackals (D)
  A kobold (D)
  2 quokkas (D)
  A bat (D)
  A bat simulacrum (D)
101 creatures vanquished.

Vanquished Creatures (others)
  A slave (D)
  A goblin (D)
2 creatures vanquished.

Grand Total: 103 creatures vanquished

Notes
Turn   | Place    | Note
--------------------------------------------------------------
     0 | D        | Kidiri the Minotaur Fighter began the quest for the Orb.
     0 | D        | Reached XP level 1. HP: 19/19 MP: 0/0
    37 | D        | Found a sacrificial altar of Ru.
    37 | D        | Found a basalt altar of Yredelemnul.
    37 | D        | Found a shadowy altar of Dithmenos.
    37 | D        | Found a deep blue altar of Sif Muna.
    37 | D        | Found a burning altar of Makhleb.
    37 | D        | Found a shimmering altar of Xom.
    37 | D        | Found an ancient bone altar of Kikubaaqudgha.
    37 | D        | Found a sparkling altar of Nemelex Xobeh.
    38 | D        | Found a glowing golden altar of the Shining One.
    38 | D        | Found a bloodstained altar of Trog.
    38 | D        | Found a shattered altar of Ashenzari.
    38 | D        | Found a white marble altar of Elyvilon.
    38 | D        | Found a snail-covered altar of Cheibriados.
    38 | D        | Found a blossoming altar of Fedhas.
    38 | D        | Found a radiant altar of Vehumet.
    38 | D        | Found a glowing silver altar of Zin.
    38 | D        | Found a corrupted altar of Lugonu.
    38 | D        | Found a viscous altar of Jiyva.
    38 | D        | Found a roughly hewn altar of Beogh.
    38 | D        | Found an iron altar of Okawaru.
    44 | D        | Found a stormy altar of Qazlal.
    44 | D        | Found an opulent altar of Gozag.
    47 | D        | Became a worshipper of Warmaster Okawaru
   103 | D        | Reached skill level 4 in Armour
   105 | D        | Reached skill level 1 in Dodging
   144 | D        | Reached XP level 2. HP: 27/27 MP: 1/1
   170 | D        | Reached skill level 1 in Invocations
   276 | D        | Noticed an iron imp
   277 | D        | Noticed Prince Ribbit
   277 | D        | Noticed a jelly
   279 | D        | Noticed a water moccasin
   289 | D        | Killed a jelly
   289 | D        | Reached skill level 5 in Armour
   289 | D        | Reached skill level 5 in Shields
   289 | D        | Reached XP level 3. HP: 26/34 MP: 1/3
   303 | D        | Killed an iron imp
   303 | D        | Reached skill level 5 in Fighting
   303 | D        | Reached skill level 5 in Axes
   303 | D        | Reached skill level 6 in Shields
   303 | D        | Reached XP level 4. HP: 16/42 MP: 2/4
   332 | D        | Killed a water moccasin
   332 | D        | Acquired Okawaru's first power
   332 | D        | Reached skill level 7 in Armour
   332 | D        | Reached XP level 5. HP: 17/50 MP: 4/6
   741 | D        | Noticed a scorpion
   751 | D        | Killed a scorpion
   756 | D        | Noticed a kobold demonologist
   760 | D        | Noticed a hellwing
   765 | D        | Noticed a sun demon
   768 | D        | Killed a kobold demonologist
   768 | D        | Reached skill level 8 in Axes
   768 | D        | Reached skill level 9 in Armour
   768 | D        | Reached skill level 5 in Dodging
   768 | D        | Reached XP level 6. HP: 30/60 MP: 6/8
   768 | D        | Reached XP level 7. HP: 33/66 MP: 6/9
  1022 | D        | Noticed a worker ant
  1022 | D        | Noticed Pikel
  1022 | D        | Noticed a slave
  1022 | D        | Noticed a slave
  1029 | D        | Killed a slave
  1043 | D        | Killed Pikel
  1043 | D        | Reached skill level 10 in Axes
  1043 | D        | Reached skill level 10 in Armour
  1043 | D        | Reached skill level 10 in Shields
  1043 | D        | Reached skill level 5 in Invocations
  1045 | D        | Killed a worker ant
  1045 | D        | Reached XP level 8. HP: 68/74 MP: 8/11
  1070 | D        | Noticed a hungry ghost
  1070 | D        | Noticed a black mamba
  1070 | D        | Noticed a hornet
  1072 | D        | Killed a freed slave
  1087 | D        | Killed a black mamba
  1087 | D        | Reached skill level 11 in Shields
  1102 | D        | Paralysed by a hornet for 4 turns
  1112 | D        | Paralysed by a hornet for 4 turns
  1117 | D        | Killed a hornet
  1125 | D        | Killed a hungry ghost
  1125 | D        | Acquired Okawaru's second power
  1468 | D        | Noticed a smoke demon
  1477 | D        | Killed a smoke demon
  1477 | D        | Reached skill level 12 in Shields
  1477 | D        | Reached XP level 9. HP: 54/83 MP: 11/13
  1713 | D        | Noticed a hippogriff
  1714 | D        | Noticed Joseph
  1719 | D        | Killed a hippogriff
  1727 | D        | Killed Joseph
  1763 | D        | Noticed a smoke demon
  1771 | D        | Killed a smoke demon
  1795 | D        | Killed an unseen horror
  1795 | D        | Reached skill level 13 in Armour
  1803 | D        | Noticed a manticore
  1809 | D        | Killed a manticore
  1809 | D        | Reached skill level 10 in Fighting
  1816 | D        | Noticed a killer bee
  1816 | D        | Noticed a killer bee
  1816 | D        | Noticed a killer bee
  1816 | D        | Noticed a killer bee
  1819 | D        | Killed a killer bee
  1819 | D        | Reached XP level 10. HP: 85/93 MP: 11/14
  1824 | D        | Killed a killer bee
  1827 | D        | Killed a killer bee
  1831 | D        | Killed a killer bee
  1874 | D        | Noticed a snapping turtle
  1874 | D        | Noticed a wyvern
  1876 | D        | Noticed a hippogriff
  1878 | D        | Killed a wyvern
  1880 | D        | Noticed a blue devil
  1888 | D        | Killed a hippogriff
  1888 | D        | Killed a snapping turtle
  1908 | D        | Killed a blue devil
  1951 | D        | Noticed a neqoxec
  1952 | D        | Noticed a water elemental
  1953 | D        | Noticed a killer bee
  1953 | D        | Noticed a killer bee
  1953 | D        | Noticed a merfolk aquamancer
  1953 | D        | Noticed a killer bee
  1957 | D        | Noticed a merfolk
  1963 | D        | Killed a neqoxec
  1965 | D        | Killed a killer bee
  1966 | D        | Killed a killer bee
  1969 | D        | Killed a killer bee
  1974 | D        | Killed a water elemental
  1974 | D        | Reached skill level 14 in Shields
  1991 | D        | Noticed a water elemental
  1995 | D        | Killed a merfolk aquamancer
  1995 | D        | Received a gift from Okawaru
  1998 | D        | Noticed a red devil
  1999 | D        | Killed a water elemental
  2003 | D        | Killed a merfolk
  2011 | D        | Killed a red devil
  2015 | D        | Noticed an orc knight
  2025 | D        | Killed an orc knight
  2026 | D        | Noticed a troll
  2027 | D        | Noticed an orc warrior
  2029 | D        | Noticed an orc priest
  2032 | D        | Killed a troll
  2037 | D        | Noticed a wolf
  2042 | D        | Noticed a water elemental
  2042 | D        | Killed a wolf
  2043 | D        | Noticed an eye of draining
  2044 | D        | Killed an orc warrior
  2047 | D        | Killed an orc priest
  2048 | D        | Killed an eye of draining
  2056 | D        | Killed a water elemental
  2056 | D        | Reached skill level 10 in Dodging
  2393 | D        | Noticed a blink frog
  2394 | D        | Noticed a blink frog
  2394 | D        | Noticed a blink frog
  2394 | D        | Noticed a molten gargoyle
  2394 | D        | Noticed a blink frog
  2394 | D        | Noticed a vampire mosquito
  2394 | D        | Noticed a vampire mosquito
  2394 | D        | Noticed an orc priest
  2394 | D        | Noticed an orc wizard
  2395 | D        | Noticed a phantom
  2395 | D        | Noticed a vampire mosquito
  2402 | D        | Noticed a smoke demon
  2403 | D        | Noticed a wasp
  2405 | D        | Killed a blink frog
  2411 | D        | Killed a vampire mosquito
  2411 | D        | Reached XP level 11. HP: 97/102 MP: 9/16
  2413 | D        | Killed a vampire mosquito
  2413 | D        | Reached skill level 15 in Shields
  2416 | D        | Killed a blink frog
  2416 | D        | Reached skill level 15 in Armour
  2420 | D        | Killed a wasp
  2425 | D        | Killed a blink frog
  2429 | D        | Killed an orc wizard
  2431 | D        | Noticed a cyclops
  2433 | D        | Killed a molten gargoyle
  2434 | D        | Noticed a death yak
  2434 | D        | Noticed an ogre
  2439 | D        | Killed an orc priest
  2439 | D        | Reached skill level 15 in Axes
  2441 | D        | Killed a smoke demon
  2441 | D        | Received a gift from Okawaru
  2441 | D        | Paralysed by a giant eyeball for 4 turns
  2442 | D        | Noticed a vampire mosquito
  2446 | D        | Got a faintly glowing chain mail {god gift}
  2450 | D        | Killed a vampire mosquito
  2455 | D        | Killed a death yak
  2459 | D        | Killed a vampire mosquito
  2461 | D        | Killed an ogre
  2463 | D        | Killed a phantom
  2464 | D        | Paralysed by a giant eyeball for 3 turns
  2468 | D        | Killed a cyclops
  2476 | D        | Killed a shadow wraith
  2507 | D        | Identified the +1 chain mail of Okawaru's Pride {rElec rPois Dex-4} (Okawaru gifted it to you in the Dungeon)
  2530 | D        | Killed a blink frog
  2572 | D        | Noticed a large abomination
  2581 | D        | Killed a large abomination
  2848 | D        | Noticed a yak
  2848 | D        | Noticed a big kobold
  2848 | D        | Noticed a daeva
  2848 | D        | Noticed a sphinx
  2848 | D        | Noticed an earth elemental
  2849 | D        | Noticed a yak
  2849 | D        | Noticed a yak
  2849 | D        | Noticed a green death
  2853 | D        | Noticed an orange demon
  2853 | D        | Killed a yak
  2853 | D        | Reached skill level 16 in Armour
  2856 | D        | Killed a yak
  2865 | D        | Noticed a yak
  2876 | D        | Killed a daeva
  2876 | D        | Reached skill level 10 in Invocations
  2878 | D        | Killed a yak
  2880 | D        | Noticed a polar bear
  2886 | D        | Noticed a yak
  2886 | D        | Killed an orange demon
  2895 | D        | Noticed a merfolk aquamancer
  2895 | D        | Killed an earth elemental
  2900 | D        | Killed a sphinx
  2906 | D        | Noticed a yak
  2911 | D        | Killed a green death
  2911 | D        | Reached skill level 17 in Armour
  2911 | D        | Reached XP level 12. HP: 46/113 MP: 14/18
  2913 | D        | Noticed an emperor scorpion
  2917 | D        | Noticed a mottled dragon
  2917 | D        | Killed a merfolk aquamancer
  2920 | D        | Killed a polar bear
  2926 | D        | Killed a big kobold
  2929 | D        | Killed a yak
  2933 | D        | Noticed a yak
  2933 | D        | Killed a yak
  2940 | D        | Noticed Maud
  2947 | D        | Killed an emperor scorpion
  2949 | D        | Noticed a ynoxinul
  2949 | D        | Killed a yak
  2956 | D        | Killed a yak
  2963 | D        | Noticed Aizul
  2965 | D        | Noticed a five-headed hydra
  2966 | D        | Noticed a death knight
  2976 | D        | Killed Maud
  2976 | D        | Received a gift from Okawaru
  2989 | D        | Slain by a freezing wraith

Vault maps used:
D:        pitsprint

Action                   |  1- 3 |  4- 6 |  7- 9 | 10-12 || total
-------------------------+-------+-------+-------+-------++-------
Melee: Hand axe          |    50 |    46 |    60 |       ||   156
       War axe           |       |       |    41 |   312 ||   353
Invok: Heroism           |       |       |     3 |     5 ||     8
       Finesse           |       |       |     1 |     4 ||     5
  Use: Potion            |       |     2 |     7 |     9 ||    18
       Scroll            |       |       |       |     6 ||     6
  Eat: Chunk             |       |       |     2 |     1 ||     3
       Meat ration       |       |       |     1 |       ||     1
       Fruit             |       |       |       |     1 ||     1
